 Dungeon Crawl Stone Soup version 0.18-a0-1350-g404b4cb (webtiles) character file.

49212 ScammerSpawn the Nimble (level 14, -2/106 HPs)
             Began as a Demonspawn Abyssal Knight on Feb 17, 2016.
             Was the Champion of Lugonu.
             Slain by a death yak (24 damage)
             ... on level 8 of the Lair of Beasts on Feb 18, 2016.
             The game lasted 01:11:44 (22823 turns).

ScammerSpawn the Nimble (DsAK)                     Turns: 22823, Time: 01:11:44

Health: -2/106     AC: 12    Str: 26    XL:     14   Next: 15%
Magic:  32/32      EV: 21    Int: 20    God:    Lugonu [******]
Gold:   1213       SH:  0    Dex: 18    Spells: 2 memorised, 9 levels left

rFire  + + .     SeeInvis .     i - +5 dagger (venom)
rCold  + . .     Gourm    .     J - +2 ring mail {rF+}
rNeg   . . .     Faith    .     (no shield)
rPois  +         Spirit   .     (helmet restricted)
rElec  .         Dismiss  .     q - +0 cloak of Chill Winds {rPois rC+ Str+3}
rCorr  .         Reflect  .     t - +1 pair of gloves {Str+3}
SustAt .         Harm     .     (no boots)
MR     +....                    d - amulet of rage
Stlth  ++++......               Y - +3 ring of strength
                                y - ring "Toecoc" {MP+9 Int+5}

@: somewhat resistant to hostile enchantments, stealthy
A: claws 1, horns 2, thin skeletal structure 2, clever 1, fire resistance 1,
mutation resistance 1, powered by death 3, screaming 1
a: Depart the Abyss, Bend Space, Banish, Corrupt, Enter the Abyss, Brand Weapon
With Distortion, Renounce Religion, Evoke Berserk Rage


You were on level 8 of the Lair of Beasts.
You worshipped Lugonu.
Lugonu was exalted by your worship.
You were not hungry.

You visited 4 branches of the dungeon, and saw 23 of its levels.
You visited the Abyss 1 time.
You also visited: Labyrinth, Ice Cave and Volcano.

You collected 2330 gold pieces.
You spent 1117 gold pieces at shops.

Inventory:

Hand Weapons
 i - a +5 dagger of venom (weapon)
 H - a +2 executioner's axe of protection
Missiles
 K - 120 arrows
 X - 8 throwing nets (quivered)
Armour
 q - the +0 cloak of Chill Winds (worn) {rPois rC+ Str+3}
   (You found it on level 4 of the Lair of Beasts)

   It affects your strength (+3).
   It protects you from cold.
   It protects you from poison.
 t - a +1 pair of gloves of strength (worn)
 J - a +2 ring mail of fire resistance (worn)
Jewellery
 d - an amulet of rage (around neck)
 y - the ring "Toecoc" (left hand) {MP+9 Int+5}
   (You bought it in a shop on level 2 of the Orcish Mines)

   [ring of magical power]

   It affects your intelligence (+5).
   It affects your magic capacity (+9).
 F - an uncursed ring of protection from magic
 G - an uncursed ring of poison resistance
 Y - a +3 ring of strength (right hand)
Wands
 b - a wand of iceblast (11/15)
 g - a wand of polymorph (15/24)
 p - a wand of teleportation (5/9)
 x - a wand of iceblast (4/15)
 A - a wand of teleportation (5/9)
 L - a wand of hasting (5/9)
 N - a wand of paralysis (6/24)
 R - a wand of disintegration (9/24)
 S - a wand of enslavement (3/24)
 T - a wand of digging (11/24)
 U - a wand of digging (11/24)
Scrolls
 a - 5 scrolls of amnesia
 h - 3 scrolls of fear
 j - a scroll of fog
 w - 5 scrolls of remove curse
 z - 7 scrolls of teleportation
 B - 3 scrolls of blinking
 M - 4 scrolls of magic mapping
 Q - 5 scrolls of immolation
 Z - 6 scrolls of enchant armour
Potions
 e - 7 potions of brilliance
 f - 2 potions of cure mutation
 k - 5 potions of haste
 l - 5 potions of resistance
 m - 4 potions of berserk rage
 n - 2 potions of might
 o - 5 potions of agility
 r - 6 potions of curing
 s - 6 potions of heal wounds
 u - 2 potions of lignification
 v - 2 potions of flight
 C - a potion of invisibility
 O - 2 potions of ambrosia
Books
 D - the Papyrus of Earth
   (You found it in an ice cave)

   Spells                             Type                      Level
   a - Sandblast                      Earth                        1
   b - Stone Arrow                    Conjuration/Earth            3
   c - Leda's Liquefaction            Hexes/Earth                  4
   d - Lee's Rapid Deconstruction     Earth                        5
 I - a Necronomicon

   Spells                             Type                      Level
   a - Haunt                          Necromancy/Summoning         7
   b - Borgnjor's Revivification      Necromancy                   8
   c - Death's Door                   Charms/Necromancy            8
   d - Necromutation                  Transmutation/Necromancy     8
 V - a book of the Dragon

   Spells                             Type                      Level
   a - Flame Tongue                   Conjuration/Fire             1
   b - Cause Fear                     Hexes                        4
   c - Bolt of Fire                   Conjuration/Fire             6
   d - Dragon Form                    Transmutation                7
   e - Dragon's Call                  Summoning                    9
Comestibles
 c - 18 bread rations
 E - 8 chunks of flesh
 P - a royal jelly
 W - 3 meat rations


   Skills:
 + Level 8.9 Fighting
 + Level 7.6 Short Blades
 + Level 2.1 Axes
 + Level 8.9 Armour
 + Level 12.5 Dodging
 + Level 7.8 Stealth
 * Level 2.6 Spellcasting
 * Level 3.0 Necromancy
 * Level 5.7 Transmutations
 + Level 12.3 Invocations
 + Level 1.5 Evocations


You had 9 spell levels left.
You knew the following spells:

 Your Spells              Type           Power        Failure   Level  Hunger
a - Sticks to Snakes      Trmt           ####....     3%          2    ##.....
b - Haunt                 Necr/Summ      #.........   100%        7    #######


Dungeon Overview and Level Annotations

Branches:
Dungeon (12/15)            Temple (1/1) D:7            Lair (8/8) D:10
  Swamp (0/4) Lair:3       Spider (0/4) Lair:4        Slime (0/6) Lair:6
    Orc (2/2) D:11            Elf (0/3) Orc:2

Altars:
Ashenzari
Cheibriados
Dithmenos
Elyvilon
Fedhas
Gozag
Kikubaaqudgha
Makhleb
Nemelex Xobeh
Okawaru
Pakellas
Qazlal
Ru
Sif Muna
Trog
Vehumet
Xom
Yredelemnul
Zin
The Shining One

Shops:
D:4 (   D:6 *   D:7 (   D:9 }   Orc:2 (:%**%*[

Portals:
Pandemonium: Orc:2

Annotations:
D:9 corrupted
D:12 Kirke
Orc:2 corrupted
Abyss:1 Erolcha, Rupert, Snorg


Innate Abilities, Weirdness & Mutations

You have a pair of horns on your head.
You have a moderately thin skeletal structure (Dex +4, Stealth+).
Your flesh is heat resistant.
You regenerate a lot of health from kills.
You have sharp fingernails.
Your mind is acute. (Int +2)
You are somewhat resistant to further mutation.
You occasionally shout uncontrollably at your foes.


Message History

The water moccasin hisses angrily.
You puncture the death yak!
The death yak is moderately wounded.
The death yak gores you! The death yak gores you.
You barely miss the death yak.
You headbutt the death yak, but do no damage.
The death yak is moderately wounded.
The death yak closely misses you.
You barely miss the death yak.
The death yak is moderately wounded.
The death yak closely misses you. The death yak gores you!
You hit the death yak but do no damage. You headbutt the death yak!
The death yak is severely wounded.
The death yak gores you!
You puncture the death yak!
The death yak is severely wounded.
The death yak gores you!!
* * * LOW HITPOINT WARNING * * *
The death yak gores you!!
You die...

##.#P..##PP...##
.##P...........Y.#
.%.........(......#
........<....Y..P.#
#.......§...Y......#
##....S.....#†..P.###
#.S..##..Y.#.##P..# #...
#.Y#Y########
#...####@Y##.P.##
#....##.........#
##.#.............. .
#................. ..
.#................ ....
..PP......%.......
.........P...............
.........PP........<.....
.........................


You could see 3 death yaks and a water moccasin.

Vanquished Creatures
  A minotaur (Lab)
  Harold (Lair:2)
  A hydra (Lair:5)
  A death yak (Lair:8)
  2 orc high priests (Orc:2)
  2 unseen horrors
  2 hill giants (D:10)
  An orc knight (Orc:2)
  An orc sorcerer (Orc:1)
  A griffon (Lair:5)
  12 elephants
  A centaur skeleton (D:10)
  3 torpor snails (Lair:6)
  14 spiny frogs
  8 komodo dragons
  2 fire drakes
  A polar bear (Lair:4)
  2 trolls
  2 two-headed ogres (Orc:2)
  A minotaur skeleton (Lab)
  10 blink frogs
  2 wyverns
  26 yaks
  2 hogs (D:12)
  A wraith (D:10)
  2 vampires (Volcano)
  A basilisk (Lair:8)
  3 fire bats (Orc:2)
  2 hungry ghosts
  8 hippogriffs
  A mottled dragon (D:9)
  3 wolves (Lair:4)
  2 wargs (Orc:2)
  5 swamp worms (Lair:3)
  15 water moccasins
  11 porcupines
  22 orc warriors
  14 ice beasts
  2 phantoms
  7 ogres
  4 black bears
  2 eyes of draining
  4 sky beasts
  2 necrophages
  A wasp (D:11)
  2 centaurs
  6 crocodiles
  3 big kobolds
  A wyvern zombie (D:10)
  15 giant frogs
  2 gnoll sergeants
  A water moccasin zombie (D:8)
  4 scorpions
  3 wights (D:10)
  5 killer bees
  An electric eel (Lair:3)
  2 crimson imps
  2 centaur zombies
  A giant frog zombie (D:11)
  4 hounds
  2 jellies
  15 orc wizards
  17 orc priests
  2 giant frog skeletons
  7 iguanas
  Natasha (D:4)
  Terence (D:3)
  18 worker ants
  12 sheep
  A hound zombie (D:8)
  2 worker ant zombies
  9 adders
  10 gnolls
  65 river rats
  2 shadow imps
  6 oozes (Lair:6)
  An adder zombie (D:9)
  2 adder skeletons
  5 worms
  3 giant geckos
  89 orcs
  12 bats
  3 giant cockroaches
  6 hobgoblins
  11 jackals
  24 kobolds
  5 quokkas
  2 ball pythons
  A giant cockroach zombie (D:5)
  6 giant newts
  10 goblins
  A jackal skeleton (D:5)
  A quokka skeleton (D:5)
  A quokka zombie (D:6)
  9 rats
625 creatures vanquished.

Vanquished Creatures (others)
  4 hydras
  A sun demon (Orc:2)
  The ghost of Azzok the Destroyer, a novice DEFE of Vehumet (D:8)
  9 orc high priests (Orc:2)
  A soul eater (Orc:2)
  A deep troll (Orc:2)
  A gelid demonspawn (Orc:2)
  3 orc knights (Orc:2)
  A putrid demonspawn (Orc:2)
  A torturous demonspawn (Orc:2)
  2 orc sorcerers (Orc:2)
  An orb spider (Lair:4)
  A sixfirhy (Orc:2)
  A rust devil (Orc:2)
  A black mamba (Lair:4)
  A spiny frog (Lair:5)
  3 ice statues (IceCv)
  2 hellwings (Orc:2)
  2 flying skulls (Volcano)
  2 vampires (Volcano)
  A hippogriff (D:9)
  A basilisk (Lair:4)
  A chaos spawn (Orc:2)
  A hornet simulacrum (D:11)
  15 orc warriors (Orc:2)
  2 centaurs
  A big kobold (D:9)
  A giant frog (D:9)
  A killer bee (D:9)
  10 orc priests (Orc:2)
  An orc wizard (D:9)
  A giant gecko (D:9)
  10 orcs
  8 fungi
  3 plants
  21 starspawn tentacles (Orc:2)
  194 starspawn tentacle segments (Orc:2)
311 creatures vanquished.

Grand Total: 936 creatures vanquished

Notes
Turn   | Place    | Note
--------------------------------------------------------------
     0 | Abyss:1  | ScammerSpawn the Demonspawn Abyssal Knight began the quest for the Orb.
     0 | Abyss:1  | Reached XP level 1. HP: 18/18 MP: 2/2
   172 | Abyss:1  | Found a corrupted altar of Lugonu.
   184 | Abyss:1  | Noticed a large abomination
   201 | D:1      | Escaped the Abyss
   242 | D:1      | Reached skill level 1 in Dodging
   308 | D:1      | Reached * piety under Lugonu
   308 | D:1      | Gained mutation: You have a somewhat thin skeletal structure (Dex +2, Stealth). [demonic ancestry]
   308 | D:1      | Reached XP level 2. HP: 22/24 MP: 3/3
   755 | D:2      | Found a radiant altar of Vehumet.
   766 | D:2      | Gained mutation: You regenerate a little health from kills. [demonic ancestry]
   766 | D:2      | Reached XP level 3. HP: 12/29 MP: 5/5
   999 | D:2      | Found a deep blue altar of Sif Muna.
  1056 | D:2      | Reached skill level 1 in Stealth
  1143 | D:2      | Gained mutation: You regenerate health from kills. [demonic ancestry]
  1143 | D:2      | Reached XP level 4. HP: 27/37 MP: 6/6
  1148 | D:2      | Reached ** piety under Lugonu
  1278 | D:2      | Found a basalt altar of Yredelemnul.
  1700 | D:3      | Noticed Terence
  1713 | D:3      | Killed Terence
  1713 | D:3      | Reached skill level 1 in Short Blades
  1762 | D:3      | Reached XP level 5. HP: 42/42 MP: 7/7
  1914 | D:3      | Reached *** piety under Lugonu
  2264 | D:4      | Found a shadowy altar of Dithmenos.
  2352 | D:4      | Found a snail-covered altar of Cheibriados.
  2425 | D:4      | Found Fawafafa's Weapon Shop.
  2520 | D:4      | Reached XP level 6. HP: 42/48 MP: 8/8
  2688 | D:4      | Noticed Natasha
  2696 | D:4      | Killed Natasha
  2736 | D:5      | Entered Level 5 of the Dungeon
  2738 | D:5      | Reached skill level 4 in Fighting
  3219 | D:5      | Gained mutation: You regenerate a lot of health from kills. [demonic ancestry]
  3219 | D:5      | Reached XP level 7. HP: 54/54 MP: 10/10
  3547 | D:6      | Found Rief's General Store.
  3558 | D:6      | Bought a potion of curing for 33 gold pieces
  3908 | D:6      | Found a sacrificial altar of Ru.
  3959 | D:6      | Found a white marble altar of Elyvilon.
  3959 | D:6      | Found an opulent altar of Gozag.
  4007 | D:7      | Reached **** piety under Lugonu
  4011 | D:7      | Reached skill level 5 in Invocations
  4084 | D:7      | Gained mutation: You have a moderately thin skeletal structure (Dex +4, Stealth+). [demonic ancestry]
  4084 | D:7      | Reached XP level 8. HP: 55/61 MP: 11/11
  4107 | D:7      | Found a staircase to the Ecumenical Temple.
  4141 | Temple   | Entered the Ecumenical Temple
  4431 | D:7      | Found Oderph's Antique Weapon Boutique.
  4551 | D:7      | Found a shadowy altar of Dithmenos.
  4582 | D:8      | Noticed Azzok's ghost (novice DEFE)
  4898 | D:8      | Found a bloodstained altar of Trog.
  4905 | D:8      | Reached skill level 6 in Invocations
  4919 | D:8      | Reached skill level 5 in Armour
  5095 | D:8      | Banished Azzok's ghost
  5095 | D:8      | Reached skill level 5 in Fighting
  5095 | D:8      | Reached XP level 9. HP: 66/68 MP: 14/14
  5148 | D:8      | Reached skill level 7 in Invocations
  5172 | D:8      | Reached skill level 5 in Dodging
  5246 | D:8      | Learned a level 2 spell: Sticks to Snakes
  5338 | D:8      | Found an iron altar of Okawaru.
  5763 | D:9      | Reached skill level 5 in Stealth
  5883 | D:9      | Corrupted D:9
  5883 | D:9      | Noticed a smoke demon
  5883 | D:9      | Noticed a starcursed mass
  5883 | D:9      | Noticed a balrug
  5883 | D:9      | Noticed a hellwing
  5883 | D:9      | Noticed a large abomination
  5883 | D:9      | Noticed a spatial maelstrom
  5883 | D:9      | Noticed a starcursed mass
  5883 | D:9      | Noticed a sixfirhy
  5883 | D:9      | Noticed a smoke demon
  5883 | D:9      | Noticed a tentacled starspawn
  5883 | D:9      | Noticed a bone dragon
  5883 | D:9      | Noticed a purple very ugly thing
  5883 | D:9      | Noticed an orc sorcerer
  5883 | D:9      | Noticed a large abomination
  5885 | D:9      | Noticed a thrashing horror
  5887 | D:9      | Noticed a deep elf mage
  5887 | D:9      | Noticed a polar bear
  5892 | D:9      | Noticed an eidolon
  5894 | D:9      | Noticed a worldbinder
  5895 | D:9      | Noticed a tentacled starspawn
  5897 | D:9      | Noticed an efreet
  5961 | D:9      | Noticed an orange demon
  6149 | D:9      | Found Xeninig's Gadget Emporium.
  6149 | D:9      | Noticed Erolcha
  6159 | D:9      | Banished Erolcha
  6159 | D:9      | Reached skill level 8 in Invocations
  6349 | D:9      | Gained mutation: You have a pair of small horns on your head. [demonic ancestry]
  6349 | D:9      | Reached XP level 10. HP: 76/76 MP: 16/16
  6760 | D:10     | Entered Level 10 of the Dungeon
  6780 | D:10     | Reached skill level 9 in Invocations
  6847 | D:10     | Noticed a hill giant
  6859 | D:10     | Killed a hill giant
  6991 | D:10     | Noticed a hill giant
  7013 | D:10     | Killed a hill giant
  7421 | D:9      | Reached skill level 10 in Invocations
  7431 | D:9      | Reached ***** piety under Lugonu
  7533 | D:10     | Killed an unseen horror
  7546 | D:10     | Reached skill level 5 in Short Blades
  7616 | D:10     | Gained mutation: You have a pair of horns on your head. [demonic ancestry]
  7616 | D:10     | Reached XP level 11. HP: 78/83 MP: 18/18
  7780 | D:10     | Found a staircase to the Lair.
  7956 | D:11     | HP: 2/82 [spatial distortion (3)]
  8313 | D:11     | Gained mutation: You have sharp fingernails. [potion of mutation]
  8313 | D:11     | Gained mutation: Your spells are a little harder to cast, but a little more powerful. [potion of mutation]
  8313 | D:11     | Gained mutation: You are somewhat resistant to further mutation. [potion of mutation]
  8314 | D:11     | Gained mutation: Your mind is acute. (Int +2) [potion of mutation]
  8371 | D:11     | Lost mutation: Your spells are a little harder to cast, but a little more powerful. [mutagenic meat]
  8373 | D:11     | Gained mutation: You occasionally shout uncontrollably at your foes. [mutagenic meat]
  8695 | D:11     | Found a staircase to the Orcish Mines.
  8706 | Orc:1    | Entered Level 1 of the Orcish Mines
  8706 | Orc:1    | Noticed an orc sorcerer
  8834 | Orc:1    | Killed an orc sorcerer
  9001 | Orc:2    | Entered Level 2 of the Orcish Mines
  9103 | Orc:2    | Reached skill level 1 in Evocations
  9352 | Orc:2    | Found a dark tunnel.
  9363 | Orc:2    | Reached ****** piety under Lugonu
  9376 | Volcano  | Entered a volcano
 10062 | Orc:2    | Found Kuich's Food Boutique.
 10080 | Orc:2    | Noticed an orc knight
 10080 | Orc:2    | Corrupted Orc:2
 10080 | Orc:2    | Noticed a starcursed mass
 10080 | Orc:2    | Noticed an orc knight
 10080 | Orc:2    | Noticed an orc high priest
 10080 | Orc:2    | Noticed a tentacled starspawn
 10080 | Orc:2    | Noticed a Hell Sentinel
 10080 | Orc:2    | Noticed a bone dragon
 10082 | Orc:2    | Killed an orc high priest
 10082 | Orc:2    | Killed an orc sorcerer
 10087 | Orc:2    | Killed an orc knight
 10093 | Orc:2    | Killed a soul eater
 10096 | Orc:2    | Killed a putrid demonspawn
 10101 | Orc:2    | Killed an orc high priest
 10105 | Orc:2    | Killed an orc high priest
 10114 | Orc:2    | Killed an orc high priest
 10122 | Orc:2    | Killed an orc sorcerer
 10124 | Orc:2    | Killed an orc high priest
 10127 | Orc:2    | Killed an orc high priest
 10130 | Orc:2    | Killed an orc knight
 10134 | Orc:2    | Killed an orc high priest
 10135 | Orc:2    | Killed an orc knight
 10135 | Orc:2    | Killed an orc high priest
 10137 | Orc:2    | Killed a sun demon
 10139 | Orc:2    | Killed a torturous demonspawn
 10146 | Orc:2    | Killed an orc high priest
 10149 | Orc:2    | Killed a gelid demonspawn
 10151 | Orc:2    | Found Kana's General Store.
 10189 | Orc:2    | Reached skill level 11 in Invocations
 10202 | Orc:2    | Found a staircase to the Elven Halls.
 10339 | Orc:2    | Found Xosops's Food Shop.
 10342 | Orc:2    | Noticed an orc high priest
 10343 | Orc:2    | Noticed an orc high priest
 10345 | Orc:2    | Found Joweol's Antique Armour Emporium.
 10345 | Orc:2    | Noticed a deep troll
 10846 | Orc:2    | Killed an orc knight
 10921 | Orc:2    | Found Urghauzukh's Book Emporium.
 10922 | Orc:2    | Found a one-way gate leading to the halls of Pandemonium.
 10923 | Orc:2    | Found Xeniott's Antique Weapon Shoppe.
 11176 | Orc:2    | Killed an orc high priest
 11203 | Orc:2    | Banished a deep troll
 11203 | Orc:2    | Reached XP level 12. HP: 14/91 MP: 18/20
 11261 | Orc:2    | Found Voeck's General Store.
 11261 | Orc:2    | Found Omanoep's Assorted Antiques.
 11272 | Orc:2    | Bought a scroll labeled UHOBISCHUTA for 27 gold pieces
 11272 | Orc:2    | Bought a scroll of teleportation for 81 gold pieces
 11272 | Orc:2    | Bought a scroll of enchant armour for 202 gold pieces
 11272 | Orc:2    | Bought a dented jasper amulet for 135 gold pieces
 11272 | Orc:2    | Bought a fizzy grey potion for 24 gold pieces
 11272 | Orc:2    | Bought a scroll of identify for 54 gold pieces
 11272 | Orc:2    | Bought a faintly glowing granite ring for 135 gold pieces
 11300 | Orc:2    | Identified the ring "Toecoc" {MP+9 Int+5} (You bought it in a shop on level 2 of the Orcish Mines)
 11472 | Orc:2    | Bought a pair of glowing gloves for 130 gold pieces
 11480 | Orc:2    | Bought a scroll of identify for 24 gold pieces
 11480 | Orc:2    | Bought a scroll of teleportation for 36 gold pieces
 11480 | Orc:2    | Bought a potion of brilliance for 48 gold pieces
 11824 | Orc:2    | Bought a potion of heal wounds for 65 gold pieces
 11824 | Orc:2    | Bought a scroll of immolation for 45 gold pieces
 11824 | Orc:2    | Bought a potion of agility for 52 gold pieces
 11824 | Orc:2    | Bought a scroll of identify for 26 gold pieces
 11870 | Orc:2    | Killed an orc high priest
 11870 | Orc:2    | Reached skill level 10 in Dodging
 12009 | D:11     | Reached skill level 1 in Transmutations
 12273 | D:11     | Noticed an eight-headed hydra
 12282 | D:11     | Banished an eight-headed hydra
 12509 | D:12     | Noticed Kirke
 12582 | Lair:1   | Entered Level 1 of the Lair of Beasts
 13795 | Lair:2   | Found a frozen archway.
 13876 | IceCv    | Entered an ice cave
 14050 | IceCv    | Corrupted IceCv
 14319 | IceCv    | Identified the Papyrus of Earth
 14656 | Lair:2   | Noticed Harold
 14695 | Lair:2   | Killed Harold
 15145 | Lair:3   | Noticed Rupert
 15164 | Lair:3   | Banished Rupert
 15649 | Lair:3   | Found a staircase to the Swamp.
 15820 | Lair:3   | Gained mutation: Your flesh is heat resistant. [demonic ancestry]
 15820 | Lair:3   | Reached XP level 13. HP: 69/98 MP: 21/21
 16322 | Lair:4   | Identified a scroll of acquirement
 16323 | Lair:4   | Got an ichor-stained chain mail
 16333 | Lair:4   | Found a labyrinth entrance.
 16375 | Lab      | Entered a labyrinth
 16590 | Lab      | Upgraded the game from 0.18-a0-1347-gb9e2fb4 to 0.18-a0-1350-g404b4cb
 17620 | Lab      | Noticed a minotaur
 17645 | Lab      | Killed a minotaur
 17661 | Lab      | Got an ancient whip
 17781 | Lair:4   | Identified the +0 chain mail of Raxin {Stlth+} (You acquired it on level 4 of the Lair of Beasts)
 18104 | Lair:4   | Noticed Snorg
 18112 | Lair:4   | Banished Snorg
 18112 | Lair:4   | Reached skill level 12 in Dodging
 18147 | Lair:4   | Got an ichor-stained cloak
 18153 | Lair:4   | Identified the +0 cloak of Chill Winds {rPois rC+ Str+3} (You found it on level 4 of the Lair of Beasts)
 18166 | Lair:4   | Found a hole to the Spider Nest.
 18318 | Lair:4   | Identified the +1 whip "Laloty" {vamp, *Noise rPois rF+++ rC+} (You found it in a labyrinth)
 19033 | Lair:5   | Learned a level 7 spell: Haunt
 19437 | Lair:5   | Reached skill level 1 in Spellcasting
 19437 | Lair:5   | Reached skill level 1 in Necromancy
 20166 | Lair:6   | Found a staircase to the Slime Pits.
 20282 | Lair:6   | Found a snail-covered altar of Cheibriados.
 20283 | Lair:6   | Reached skill level 5 in Transmutations
 21787 | Lair:7   | Reached XP level 14. HP: 106/106 MP: 23/23
 22112 | Lair:8   | Entered Level 8 of the Lair of Beasts
 22823 | Lair:8   | Slain by a death yak

Vault maps used:
D:1:      matt_arrival_los_fun
D:2:      marbit_many_paths, vehumet_crystals, first_bread, led_sif_pool
D:3:      uniq_terence
D:4:      cheibriados_altar_wand_db, lemuel_round_altar, serial_shops, shop,
          uniq_natasha
D:6:      lemuel_coloured_pillars_altar, gammafunk_temple_overflow_elements,
          serial_shops, shop_fountains
D:7:      minmay_temple_entry_statues_fountains, serial_shops,
          kennysheep_mini_moat, basic_altar, grunt_ogre_cave, grunt_ministairs_6
D:8:      trog_ov_bears_minmay, okawaru_altar_gauntlet_db, grunt_tough_drop
D:9:      minmay_opposing_rooms, serial_shops, nicolae_shop_crystal,
          uniq_erolcha
D:10:     lair_0_dummy, minmay_misc_feat_alley
D:11:     hiddenorc2_lemuel
D:12:     nicolae_gozag_zags_fifth_avenue, uniq_kirke, uniq_josephine
Temple:   triangle_lava_temple_11
Lair:1:   minivault_26
Lair:2:   portal_ice_cave_entry_ice_beasts, uniq_harold
Lair:3:   nicolae_swamp_entry_splash_gauntlet, uniq_rupert
Lair:4:   nicolae_spider_entry_orb_guardian, lab_entry_generic,
          grunt_megastairs_4, infiniplex_staircase_pool_2, uniq_snorg
Lair:6:   nicolae_slime_entry_slimehenge, kennysheep_snail_temple
Lair:7:   beast_lair_carwin_2
Lair:8:   evilmike_catoblepas_cave
Orc:2:    pf_orc_diabolical, nicolae_volcano_entry_batcave,
          nicolae_orc_bridge_out, guppyfry_orc_lava_fort
Lab:      nicolae_lab_stuck, lab_statue, nicolae_lab_lava
IceCv:    ice_cave_statue_garden_02
Volcano:  volcano_tomb

Action                   |  1- 3 |  4- 6 |  7- 9 | 10-12 | 13-15 || total
-------------------------+-------+-------+-------+-------+-------++-------
Melee: Hand axe          |    14 |       |       |       |       ||    14
       Dagger            |    71 |   162 |   365 |  1501 |   886 ||  2985
       Whip              |       |       |       |     5 |       ||     5
 Fire: Blowgun           |       |       |       |       |     2 ||     2
Invok: Depart the Abyss  |     1 |       |       |       |       ||     1
       Banish            |       |       |     4 |    10 |    11 ||    25
       Bend Space        |       |       |     2 |    11 |     8 ||    21
       Corrupt           |       |       |     1 |     2 |       ||     3
Evoke: Wand              |       |       |     6 |    19 |    10 ||    35
  Use: Scroll            |     2 |       |       |    26 |    12 ||    40
       Potion            |       |       |     3 |     6 |       ||     9
 Stab: Sleeping          |     4 |     8 |    11 |    23 |     9 ||    55
       Distracted        |       |     1 |     1 |     2 |     2 ||     6
       Confused          |       |       |       |     5 |       ||     5
  Eat: Chunk             |       |     7 |    10 |    27 |    16 ||    60
       Pizza             |       |       |     2 |     1 |     2 ||     5
       Fruit             |       |       |     1 |     6 |       ||     7
       Meat ration       |       |       |       |     2 |       ||     2
       Beef jerky        |       |       |       |       |     4 ||     4
       Bread ration      |       |       |       |       |     1 ||     1
